 Dungeon Crawl Stone Soup version 0.21-a0-372-gd0ff781 (webtiles) character file.

9531 Monsterracer the Fighter (level 11, -6/94 (95) HPs)
             Began as a Gnoll Wanderer on Oct 16, 2017.
             Was a Priest of Ashenzari.
             Mangled by a minotaur (18 damage)
             ... on level 1 of the Lair of Beasts.
             The game lasted 00:32:01 (13135 turns).

Monsterracer the Fighter (Gnoll Wanderer)          Turns: 13135, Time: 00:32:02

HP:   -6/94 (95)    AC: 11    Str: 15    XL:     11   Next: 48%
MP:   20/20         EV: 16    Int: 16    God:    Ashenzari [***...]
Gold: 636           SH:  0    Dex: 16    Spells: 22/22 levels left

rFire    . . .     SeeInvis +   b - +4 quarterstaff (chaos) (curse)
rCold    . . .     Gourm    .   (shield currently unavailable)
rNeg     . . .     Faith    .   c - +1 ring mail (curse)
rPois    +         Spirit   .   B - +1 helmet (curse)
rElec    .         Reflect  .   k - +0 cloak (curse)
rCorr    .         Harm     .   (no gloves)
MR       .....                  (no boots)
Stlth    +++.......             s - amulet of rage (curse)
HPRegen  0.25/turn              m - ring of poison resistance (curse)
MPRegen  0.17/turn              t - ring of see invisible (curse)

@: no status effects
A: distributed training, fangs 1, strong nose
a: Curse Item, Scrying, Renounce Religion, Evoke Berserk Rage


You were on level 1 of the Lair of Beasts.
You worshipped Ashenzari.
Ashenzari was most pleased with you.
You were not hungry.

You visited 2 branches of the dungeon, and saw 11 of its levels.
You also visited: Ossuary.

You collected 636 gold pieces.

Inventory:

Hand Weapons
 b - a cursed +4 quarterstaff of chaos (weapon)
Missiles
 E - 3 throwing nets (quivered)
Armour
 c - a cursed +1 ring mail (worn)
 k - a cursed +0 cloak (worn)
 x - a +2 cloak of poison resistance
 B - a cursed +1 helmet (worn)
Jewellery
 a - an uncursed ring of positive energy
 m - a cursed ring of poison resistance (left hand)
 s - a cursed amulet of rage (around neck)
 t - a cursed ring of see invisible (right hand)
Wands
 r - a wand of acid (7/15)
 u - a wand of clouds (2/9)
 D - a wand of polymorph (2/24)
 F - a wand of acid (6/15)
 G - a wand of confusion (20/48)
 I - a wand of iceblast (4/15)
Scrolls
 h - 4 scrolls of teleportation
 p - a scroll of amnesia
 y - 2 scrolls of fear
 C - 4 scrolls of enchant weapon
 J - a scroll of magic mapping
Potions
 d - 5 potions of curing
 e - 5 potions of mutation
 g - 2 potions of haste
 i - a potion of might
 j - 2 potions of heal wounds
 n - 2 potions of ambrosia
 o - a potion of brilliance
 v - 2 potions of agility
 w - 5 potions of flight
 A - 2 potions of berserk rage
 H - 3 potions of cancellation {unknown}
Comestibles
 f - 7 bread rations
 l - 14 fruits
 q - 5 royal jellies
 z - 6 meat rations
 K - a chunk of flesh


   Skills:
 + Level 11.9 Fighting
 + Level 6.8 Short Blades
 + Level 6.2 Long Blades
 + Level 6.2 Axes
 + Level 6.2 Maces & Flails
 + Level 6.2 Polearms
 + Level 6.2(10.1) Staves
 + Level 6.2 Slings
 + Level 6.2 Bows
 + Level 6.2 Crossbows
 + Level 6.2 Throwing
 + Level 6.2(8.1) Armour
 + Level 6.2(8.1) Dodging
 + Level 7.6 Stealth
 + Level 6.2 Shields
 + Level 6.2 Unarmed Combat
 + Level 6.2 Spellcasting
 + Level 5.1(8.0) Conjurations
 + Level 5.1(8.0) Hexes
 + Level 5.1(8.0) Charms
 + Level 5.1(8.0) Summonings
 + Level 5.1(8.0) Necromancy
 + Level 5.1(8.0) Translocations
 + Level 5.1(8.0) Transmutations
 + Level 5.1(8.0) Fire Magic
 + Level 5.1(8.0) Ice Magic
 + Level 5.1(8.0) Air Magic
 + Level 5.1(8.0) Earth Magic
 + Level 5.1(8.0) Poison Magic
 + Level 6.8 Invocations
 + Level 7.8(10.7) Evocations


You had 22 spell levels left.
You didn't know any spells.

Dungeon Overview and Level Annotations

Branches:
Dungeon (10/15)            Temple (0/1) D:5            Lair (1/6) D:9
    Orc (0/2) D:10

Altars:
Ashenzari
Hepliaklqana
Kikubaaqudgha
Nemelex Xobeh
Okawaru
Ru
Sif Muna
Trog
Vehumet
Xom
The Shining One
Beogh

Shops:
D:8 (   D:9 :


Innate Abilities, Weirdness & Mutations

Your experience applies equally to all skills.
You have very sharp teeth.
Your uncanny sense of smell can sniff out nearby items.


Message History

Here: a minotaur The floor.
You sock the minotaur!
The minotaur looks as sick as possible!
The minotaur is moderately wounded.
The minotaur hits you!! The minotaur barely misses you.
Huge Dmg: -30%(-29hp) hp: 70%(65hp)
You sock the minotaur!
Space warps horribly around the minotaur!
The minotaur is severely wounded.
You sock the minotaur!
The minotaur is almost dead.
The minotaur hits you!!
* * * LOW HITPOINT WARNING * * *
The minotaur gores you.
* * * LOW HITPOINT WARNING * * *
Huge Dmg: -22%(-20hp) hp: 48%(45hp)
You hit the minotaur but do no damage.
The minotaur goes berserk!
The minotaur is almost dead.
The minotaur barely misses you.
The minotaur gores you but does no damage.
The crocodile bites you but does no damage.
You barely miss the minotaur.
The minotaur is almost dead.
The minotaur hits you but does no damage.
The minotaur gores you!!
* * * LOW HITPOINT WARNING * * *
The crocodile bites you!
* * * LOW HITPOINT WARNING * * *
The minotaur barely misses you. The minotaur gores you!!
You die...

, , ,#####P.#.##
,,+......#.## ,
#....t.#..# * , ,
#......+.##
#........# ,
...#......#.#
,..........#.#
..........+H# *,,
....(.....#@#
....P##..#t.# ,
............##
............P# ,
..............P#
.........####....##
........##.###...#
P#......##..##...##
........##..#.....#


You could see a minotaur (berserk) and a crocodile.

Vanquished Creatures
  A two-headed ogre (D:9)
  An unseen horror (D:10)
  An elephant (D:8)
  A spiny frog (Lair:1)
  A centaur skeleton (D:10)
  3 hippogriffs
  A basilisk (D:9)
  5 yaks
  A hungry ghost (D:7)
  A hog (shapeshifter) (D:8)
  A steam dragon (D:9)
  5 orc warriors (D:10)
  An eye of draining (D:9)
  A sky beast (D:10)
  The ghost of FrancescoMac the Grasshopper, an amateur GnWr (D:3)
  3 black bears
  2 necrophages
  3 wolves (D:9)
  6 ogres
  3 centaurs
  A crocodile (Lair:1)
  Blork the orc (D:6)
  A big kobold (D:9)
  A bullfrog (shapeshifter) (D:8)
  5 bullfrogs
  2 scorpions
  4 killer bees (D:9)
  4 wights (D:10)
  5 howler monkeys
  12 crimson imps
  A bullfrog zombie (D:9)
  3 jellies
  A quasit (D:6)
  2 orc priests (D:10)
  Crazy Yiuf (D:6)
  3 centaur zombies
  4 bullfrog skeletons
  4 hounds
  7 orc wizards
  Jessica (D:9)
  9 iguanas
  11 worker ants
  A statue (D:4)
  A big kobold zombie (Ossuary)
  A hound zombie (Ossuary)
  4 mummies (Ossuary)
  A worker ant zombie (D:10)
  7 gnolls
  6 adders
  4 shadow imps
  2 oozes
  An adder zombie (D:6)
  3 adder skeletons
  7 worms
  5 dart slugs
  4 leopard geckos
  20 orcs
  6 bats
  4 giant cockroaches
  10 goblins
  9 hobgoblins
  12 jackals
  3 quokkas
  7 ball pythons
  5 frilled lizards
  3 goblin zombies
  7 kobolds
  3 kobold zombies (Ossuary)
  A leopard gecko skeleton (D:4)
  An orc zombie (Ossuary)
  A quokka zombie (D:4)
  6 rats
  3 rat zombies (Ossuary)
273 creatures vanquished.

Vanquished Creatures (others)
  An ice beast (D:9)
  An orc zombie (Ossuary)
2 creatures vanquished.

Grand Total: 275 creatures vanquished

Notes
Turn   | Place    | Note
-------+----------+-------------------------------------------
     0 | D:1      | Reached skill level 10 in Fighting
     0 | D:1      | Monsterracer the Gnoll Wanderer began the quest for the Orb.
     0 | D:1      | Monsterracer set off with: a +2 dagger, a potion of heal wounds, a +0 short sword, a potion of curing, a +0 robe, a bread ration
     0 | D:1      | Reached XP level 1. HP: 28/28 MP: 3/3
   139 | D:1      | Reached XP level 2. HP: 35/36 MP: 5/5
   234 | D:1      | Reached XP level 3. HP: 22/42 MP: 6/6
   953 | D:1      | Reached skill level 1 in Invocations
  1001 | D:1      | Reached skill level 1 in Long Blades
  1001 | D:1      | Reached skill level 1 in Axes
  1001 | D:1      | Reached skill level 1 in Maces & Flails
  1001 | D:1      | Reached skill level 1 in Polearms
  1001 | D:1      | Reached skill level 1 in Staves
  1001 | D:1      | Reached skill level 1 in Slings
  1001 | D:1      | Reached skill level 1 in Bows
  1001 | D:1      | Reached skill level 1 in Crossbows
  1001 | D:1      | Reached skill level 1 in Throwing
  1001 | D:1      | Reached skill level 1 in Armour
  1001 | D:1      | Reached skill level 1 in Dodging
  1001 | D:1      | Reached skill level 1 in Shields
  1001 | D:1      | Reached skill level 1 in Unarmed Combat
  1001 | D:1      | Reached skill level 1 in Spellcasting
  1005 | D:1      | Reached XP level 4. HP: 44/48 MP: 7/7
  1346 | D:2      | Reached skill level 1 in Conjurations
  1346 | D:2      | Reached skill level 1 in Hexes
  1346 | D:2      | Reached skill level 1 in Charms
  1346 | D:2      | Reached skill level 1 in Summonings
  1346 | D:2      | Reached skill level 1 in Necromancy
  1346 | D:2      | Reached skill level 1 in Translocations
  1346 | D:2      | Reached skill level 1 in Transmutations
  1346 | D:2      | Reached skill level 1 in Fire Magic
  1346 | D:2      | Reached skill level 1 in Ice Magic
  1346 | D:2      | Reached skill level 1 in Air Magic
  1346 | D:2      | Reached skill level 1 in Earth Magic
  1346 | D:2      | Reached skill level 1 in Poison Magic
  1383 | D:2      | Found a shattered altar of Ashenzari.
  1588 | D:3      | Noticed FrancescoMac's ghost (amateur GnWr)
  2203 | D:3      | Reached XP level 5. HP: 54/54 MP: 8/8
  2899 | D:3      | Killed FrancescoMac's ghost
  2899 | D:3      | Reached XP level 6. HP: 14/61 MP: 9/9
  3519 | D:4      | Reached skill level 5 in Evocations
  3552 | D:4      | Found a radiant altar of Vehumet.
  3574 | D:4      | Found a sand-covered staircase.
  3584 | Ossuary  | Entered an ossuary
  3625 | Ossuary  | Reached XP level 7. HP: 23/67 MP: 10/10
  4858 | D:5      | Entered Level 5 of the Dungeon
  4968 | D:5      | Reached skill level 5 in Stealth
  5159 | D:2      | Became a worshipper of Ashenzari the Shackled
  5319 | D:5      | Found a staircase to the Ecumenical Temple.
  5715 | D:6      | Reached XP level 8. HP: 66/73 MP: 12/12
  5949 | D:6      | Noticed Blork the orc
  5956 | D:6      | Killed Blork the orc
  6151 | D:6      | Found a sacrificial altar of Ru.
  6653 | D:6      | Reached * piety under Ashenzari
  7103 | D:6      | Found a runed door.
  7107 | D:6      | Noticed Crazy Yiuf
  7120 | D:6      | Killed Crazy Yiuf
  7324 | D:7      | Reached XP level 9. HP: 73/78 MP: 14/14
  7369 | D:7      | Reached skill level 11 in Fighting
  7456 | D:7      | Found a hazy altar of Hepliaklqana.
  7456 | D:7      | Found a glowing golden altar of the Shining One.
  7456 | D:7      | Found a bloodstained altar of Trog.
  7825 | D:7      | Reached skill level 5 in Short Blades
  8004 | D:7      | Reached ** piety under Ashenzari
  8209 | D:8      | Found Kisor's Antique Weapon Shoppe.
  8244 | D:8      | Found a sparkling altar of Nemelex Xobeh.
  8522 | D:8      | Found an ancient bone altar of Kikubaaqudgha.
  8599 | D:8      | Reached skill level 5 in Invocations
  9291 | D:8      | Noticed a rime drake
  9291 | D:8      | a yak changed into a rime drake
  9294 | D:8      | a rime drake changed into a hog
  9299 | D:8      | Reached XP level 10. HP: 63/87 MP: 17/17
  9682 | D:9      | Reached skill level 5 in Long Blades
  9682 | D:9      | Reached skill level 5 in Axes
  9682 | D:9      | Reached skill level 5 in Maces & Flails
  9682 | D:9      | Reached skill level 5 in Polearms
  9682 | D:9      | Reached skill level 5 in Staves
  9682 | D:9      | Reached skill level 5 in Slings
  9682 | D:9      | Reached skill level 5 in Bows
  9682 | D:9      | Reached skill level 5 in Crossbows
  9682 | D:9      | Reached skill level 5 in Throwing
  9682 | D:9      | Reached skill level 5 in Armour
  9682 | D:9      | Reached skill level 5 in Dodging
  9682 | D:9      | Reached skill level 5 in Shields
  9682 | D:9      | Reached skill level 5 in Unarmed Combat
  9682 | D:9      | Reached skill level 5 in Spellcasting
  9725 | D:9      | Noticed an elephant
  9726 | D:9      | Found a staircase to the Lair.
  9778 | D:8      | Killed an elephant
 10064 | D:9      | Noticed a two-headed ogre
 10078 | D:9      | Killed a two-headed ogre
 10483 | D:9      | Found Utor's Book Boutique.
 10500 | D:9      | Found a shimmering altar of Xom.
 10509 | D:9      | Found a shimmering altar of Xom.
 10510 | D:9      | Found a shimmering altar of Xom.
 10543 | D:9      | Reached *** piety under Ashenzari
 10545 | D:9      | Noticed Jessica
 10556 | D:9      | Found a deep blue altar of Sif Muna.
 10563 | D:9      | Killed Jessica
 10699 | D:10     | Entered Level 10 of the Dungeon
 11197 | D:10     | Reached XP level 11. HP: 71/94 MP: 19/19
 11609 | D:10     | Found an iron altar of Okawaru.
 11626 | D:10     | Found a staircase to the Orcish Mines.
 11669 | D:10     | Found a roughly hewn altar of Beogh.
 11967 | D:10     | Reached skill level 5 in Conjurations
 11967 | D:10     | Reached skill level 5 in Hexes
 11967 | D:10     | Reached skill level 5 in Charms
 11967 | D:10     | Reached skill level 5 in Summonings
 11967 | D:10     | Reached skill level 5 in Necromancy
 11967 | D:10     | Reached skill level 5 in Translocations
 11967 | D:10     | Reached skill level 5 in Transmutations
 11967 | D:10     | Reached skill level 5 in Fire Magic
 11967 | D:10     | Reached skill level 5 in Ice Magic
 11967 | D:10     | Reached skill level 5 in Air Magic
 11967 | D:10     | Reached skill level 5 in Earth Magic
 11967 | D:10     | Reached skill level 5 in Poison Magic
 12266 | D:10     | Noticed an unseen horror
 12275 | D:10     | Killed an unseen horror
 12671 | Lair:1   | Entered Level 1 of the Lair of Beasts
 12672 | Lair:1   | Noticed a five-headed hydra
 13115 | Lair:1   | Noticed an entropy weaver
 13115 | Lair:1   | a five-headed hydra changed into an entropy weaver
 13116 | Lair:1   | Noticed a minotaur
 13116 | Lair:1   | an entropy weaver changed into a minotaur
 13135 | Lair:1   | Mangled by a minotaur

Vault maps used:
D:1:      grunt_arrival_crossed_arrows
D:2:      ashenzari_altar_1
D:4:      vehumet_statue, first_bread, cheibrodos_sewer_entry_bend,
          enter_ossuary_4, fountainhead, minmay_statues_item
D:5:      minmay_temple_entry_hall
D:6:      hangedman_ru_absence, uniq_blork_the_orc, uniq_crazy_yiuf_cottage
D:7:      grunt_temple_overflow_open, grunt_ogre_cave
D:8:      nemelex_xobeh_ov_fountains_minmay, lemuel_doored_altar, serial_shops,
          shop
D:9:      tgw_sif, david_lair_generic, serial_shops, shop_fountains,
          minmay_misc_feat_cross, xom_redecorated
D:10:     minmay_orc_entry_temple_small, okawaru_metal_pillars_1_2
Lair:1:   grunt_megastairs_5, uniq_erica
Ossuary:  ossuary_minmay_tomb_2a

Skill      XL: |  1  2  3  4  5  6  7  8  9 10 11 |
---------------+----------------------------------+-----
Fighting       | 11 | 11.9
Invocations    | 1 2 3 4 5 6 |  6.8
Long Blades    | 1 2 3 4 5 6 |  6.2
Axes           | 1 2 3 4 5 6 |  6.2
Maces & Flails | 1 2 3 4 5 6 |  6.2
Polearms       | 1 2 3 4 5 6 |  6.2
Staves         | 1 2 3 4 5 6 |  6.2
Slings         | 1 2 3 4 5 6 |  6.2
Bows           | 1 2 3 4 5 6 |  6.2
Crossbows      | 1 2 3 4 5 6 |  6.2
Throwing       | 1 2 3 4 5 6 |  6.2
Armour         | 1 2 3 4 5 6 |  6.2
Dodging        | 1 2 3 4 5 6 |  6.2
Shields        | 1 2 3 4 5 6 |  6.2
Unarmed Combat | 1 2 3 4 5 6 |  6.2
Spellcasting   | 1 2 3 4 5 6 |  6.2
Conjurations   | 1 2 3 4 5 |  5.1
Hexes          | 1 2 3 4 5 |  5.1
Charms         | 1 2 3 4 5 |  5.1
Summonings     | 1 2 3 4 5 |  5.1
Necromancy     | 1 2 3 4 5 |  5.1
Translocations | 1 2 3 4 5 |  5.1
Transmutations | 1 2 3 4 5 |  5.1
Fire Magic     | 1 2 3 4 5 |  5.1
Ice Magic      | 1 2 3 4 5 |  5.1
Air Magic      | 1 2 3 4 5 |  5.1
Earth Magic    | 1 2 3 4 5 |  5.1
Poison Magic   | 1 2 3 4 5 |  5.1
Short Blades   | 3 4 5 6 |  6.8
Evocations     | 5 6 7 |  7.8
Stealth        | 5 6 7 |  7.6

Action                   |  1- 3 |  4- 6 |  7- 9 | 10-12 || total
-------------------------+-------+-------+-------+-------++-------
Melee: Dagger            |    64 |    58 |       |       ||   122
       Bite              |     4 |    33 |    43 |    50 ||   130
       Whip              |    14 |   156 |   131 |       ||   301
       Punch             |       |     1 |     2 |       ||     3
       Halberd           |       |     5 |       |       ||     5
       Mace              |       |    32 |    82 |       ||   114
       Quarterstaff      |       |       |   155 |   353 ||   508
Throw: Throwing net      |       |       |     2 |       ||     2
Invok: Curse Item        |       |       |     5 |       ||     5
Evoke: Wand              |       |       |       |     2 ||     2
  Use: Scroll            |     1 |     9 |    10 |     3 ||    23
 Stab: Sleeping          |     6 |     6 |     8 |     8 ||    28
       Distracted        |       |     1 |     1 |       ||     2
       Paralysed         |       |       |     1 |       ||     1
       Confused          |       |       |     1 |     4 ||     5
  Eat: Chunk             |       |     9 |    20 |    12 ||    41
Armor: Robe              |     6 |       |       |       ||     6
       Ring mail         |    19 |    84 |   152 |   101 ||   356
Dodge: Dodged            |    60 |   153 |   235 |   277 ||   725

Table legend:
 A = Spawn XP
 B = Non-spawn XP
 C = Spawn XP percentage of total XP
 D = Spawn monster count
 E = Non-spawn monster count
 F = Spawn count percentage of total count
 G = Total turns spent on level
                    A         B        C        D         E        F      G
               +---------+---------+-------+---------+---------+-------+---------
         Total |       0 |   13617 |   0.0 |       0 |     274 |   0.0 | 13135
               +---------+---------+-------+---------+---------+-------+---------
           D:1 |       0 |      78 |   0.0 |       0 |      27 |   0.0 |  1013
           D:2 |       0 |      78 |   0.0 |       0 |      29 |   0.0 |  1073
           D:3 |       0 |     203 |   0.0 |       0 |      23 |   0.0 |  1472
           D:4 |       0 |     366 |   0.0 |       0 |      18 |   0.0 |   876
           D:5 |       0 |     281 |   0.0 |       0 |      10 |   0.0 |   673
           D:6 |       0 |    1049 |   0.0 |       0 |      23 |   0.0 |  1496
           D:7 |       0 |    1532 |   0.0 |       0 |      26 |   0.0 |   983
           D:8 |       0 |    2564 |   0.0 |       0 |      29 |   0.0 |  1708
           D:9 |       0 |    2747 |   0.0 |       0 |      29 |   0.0 |  1344
          D:10 |       0 |    4067 |   0.0 |       0 |      43 |   0.0 |  1596
        Lair:1 |       0 |     526 |   0.0 |       0 |       2 |   0.0 |   333
       Ossuary |       0 |     126 |   0.0 |       0 |      15 |   0.0 |   568
               +---------+---------+-------+---------+---------+-------+---------

Vault maps used:
D:1:      grunt_arrival_crossed_arrows
D:2:      ashenzari_altar_1
D:4:      vehumet_statue, first_bread, cheibrodos_sewer_entry_bend,
          enter_ossuary_4, fountainhead, minmay_statues_item
D:5:      minmay_temple_entry_hall
D:6:      hangedman_ru_absence, uniq_blork_the_orc, uniq_crazy_yiuf_cottage
D:7:      grunt_temple_overflow_open, grunt_ogre_cave
D:8:      nemelex_xobeh_ov_fountains_minmay, lemuel_doored_altar, serial_shops,
          shop
D:9:      tgw_sif, david_lair_generic, serial_shops, shop_fountains,
          minmay_misc_feat_cross, xom_redecorated
D:10:     minmay_orc_entry_temple_small, okawaru_metal_pillars_1_2
Lair:1:   grunt_megastairs_5, uniq_erica
Ossuary:  ossuary_minmay_tomb_2a
